 Dungeon Crawl Stone Soup version 0.17-a0-1545-gc1bb672 (webtiles) character file.

211 namelastname112 the Ducker (level 5, -4/46 HPs)
             Began as a Draconian Wizard on July 18, 2015.
             Slain by a scorpion (8 damage)
             ... on level 3 of the Dungeon.
             The game lasted 00:07:20 (3768 turns).

namelastname112 the Ducker (Draconian Wizard)       Turns: 3768, Time: 00:07:20

Health: -4/46      AC:  6    Str:  7    XL:     5   Next: 57%
Magic:  5/9        EV: 13    Int: 19    God:
Gold:   136        SH:  0    Dex:  9    Spells: 1 memorised, 9 levels left

rFire  . . .     SeeInvis .     s - +0 short sword
rCold  . . .     Clarity  .     (armour unavailable)
rNeg   . . .     SustAt   .     (no shield)
rPois  .         Gourm    .     a - +0 hat
rElec  .         Spirit   .     (no cloak)
rCorr  .         Warding  .     n - +0 pair of gloves
rMut   .         Stasis   .     (no boots)
MR     .....                    (no amulet)
Stlth  +.........               (no ring)
                                q - -3 ring of strength (curse)

@: lethally poisoned (-4 -> -11), very slightly contaminated, not resistant to
hostile enchantments, very unstealthy
A: unfitting armour, cold-blooded, AC +5
a: no special abilities


You were on level 3 of the Dungeon.
You were not hungry.

You visited 1 branch of the dungeon, and saw 3 of its levels.

You collected 136 gold pieces.

Inventory:

Hand weapons
 s - a +0 short sword (weapon)
Armour
 a - a +0 hat (worn)
 n - a +0 pair of gloves (worn)
Jewellery
 q - a cursed -3 ring of strength (left hand)
Scrolls
 f - a scroll of random uselessness {unknown}
 j - 2 scrolls of teleportation {unknown}
 m - 4 scrolls of remove curse {unknown}
 u - 2 scrolls of identify {unknown}
 x - a scroll of fog {unknown}
Potions
 d - a potion of magic {unknown}
 e - a potion of brilliance {unknown}
 g - a potion of might {unknown}
 h - a potion of agility {unknown}
 i - a potion of ambrosia
 o - a potion of resistance {unknown}
 r - a potion of poison {unknown}
 t - a potion of invisibility {unknown}
 z - a potion of haste {unknown}
Books
 b - a book of Minor Magic

   Spells                             Type                      Level
   a - Magic Dart                     Conjuration                  1
   b - Blink                          Translocation                2
   c - Call Imp                       Summoning                    2
   d - Repel Missiles                 Charms/Air                   2
   e - Slow                           Hexes                        2
   f - Conjure Flame                  Conjuration/Fire             3
   g - Mephitic Cloud                 Conjuration/Poison/Air       3
 v - a book of Debilitation

   Spells                             Type                      Level
   a - Corona                         Hexes                        1
   b - Slow                           Hexes                        2
   c - Gell's Gravitas                Hexes/Translocation          3
   d - Inner Flame                    Hexes/Fire                   3
   e - Cause Fear                     Hexes                        4
   f - Leda's Liquefaction            Hexes/Earth                  4
Comestibles
 c - 2 bread rations
 k - a slice of pizza
 p - a royal jelly


   Skills:
 + Level 3.8 Fighting
 + Level 3.9 Dodging
 - Level 1.7 Stealth
 - Level 3.2 Spellcasting
 - Level 1.0 Conjurations
   Level 1.0 Summonings
   Level 1.0 Translocations


You had 9 spell levels left.
You knew the following spells:

 Your Spells              Type           Power        Failure   Level  Hunger
z - Magic Dart            Conj           #...         12%         1    None


Dungeon Overview and Level Annotations

Branches:
Dungeon (3/15)

Altars:


Innate Abilities, Weirdness & Mutations

Your plain brown scales are hard (AC +5).
Your body does not fit into most forms of armour.
You are cold-blooded and may be slowed by cold attacks.


Message History

You feel sick. The scorpion stings you.
* * * LOW HITPOINT WARNING * * *
Casting: Magic Dart
Confirm with . or Enter, or press ? or * to list all spells.
Aiming: Magic Dart
Press: ? - help, Shift-Dir - straight line, f/p - scorpion
Aim: a scorpion (severely wounded)
The magic dart hits the scorpion.
The scorpion is almost dead.
* * * LOW HITPOINT WARNING * * *
You feel sick. The scorpion misses you.
Casting: Magic Dart
Confirm with . or Enter, or press ? or * to list all spells.
Aiming: Magic Dart
Press: ? - help, Shift-Dir - straight line, f/p - scorpion
Aim: a scorpion (almost dead)
You miscast Magic Dart.
Sparks fly from your hands!
* * * LOW HITPOINT WARNING * * *
You feel sick. The scorpion stings you!
You die...

#####..#...# #.#
#.### #..........#
#.# #.# #
#.###..#...###.#
#### #.# # #.#
#..##......#..[..
..# # #.#
#............# #.#
##.##......###
##.###...#..###.#
#......†.##s###.#
#..###...#.@.#######
#.......##...# .h#
#.####...#...## K5.#
### #.#
#.#.#....##K. ##.##
#.# #.#.##...###
##.#.## #.#
#..###....###
##)###.# #.####.##
##...÷.####.## ##.
#.....##
##.......#..###..
######.###
##......'.#.#.##


You could see a scorpion.

Vanquished Creatures
  A centaur zombie (D:3)
  Robin (D:2)
  4 gnolls
  4 adders
  3 worms
  3 giant geckos
  5 orcs (D:3)
  2 giant cockroaches
  15 goblins
  11 hobgoblins
  10 jackals
  4 kobolds
  A ball python (D:2)
  10 bats
  3 giant newts
  2 quokkas
  11 rats
90 creatures vanquished.

Notes
Turn   | Place    | Note
--------------------------------------------------------------
     0 | D:1      | namelastname112 the Draconian Wizard began the quest for the Orb.
     0 | D:1      | Reached XP level 1. HP: 14/14 MP: 4/4
     6 | D:1      | Noticed a polar bear
     6 | D:1      | Noticed a komodo dragon
     6 | D:1      | Noticed a worker ant
    28 | D:1      | Noticed a swamp drake
    28 | D:1      | Noticed a wolf
   319 | D:1      | Reached skill level 1 in Fighting
   319 | D:1      | Reached XP level 2. HP: 14/23 MP: 1/6
   836 | D:1      | Reached XP level 3. HP: 29/29 MP: 4/7
  1665 | D:2      | Noticed Robin
  1758 | D:2      | Killed Robin
  1758 | D:2      | Reached XP level 4. HP: 8/37 MP: 0/8
  3054 | D:3      | Reached XP level 5. HP: 45/45 MP: 2/9
  3734 | D:3      | HP: 2/46 [scorpion (8)]
  3768 | D:3      | Slain by a scorpion

Vault maps used:
D:1:      onia_arrival_zoo_common, st_stairs_3, corexii_item_surrounded_by_moat,
          hex_tiny, wad_floor_pattern_untrapped, minmay_misc_feat_encased
D:2:      uniq_robin
D:3:      lightli_corner_chamber

Action                   |  1- 3 |  4- 6 || total
-------------------------+-------+-------++-------
Melee: Unarmed           |    76 |       ||    76
       Club              |   103 |    24 ||   127
       Short sword       |       |   113 ||   113
 Cast: Magic Dart        |    91 |   121 ||   212
  Use: Potion            |       |     4 ||     4
 Stab: Sleeping          |       |     1 ||     1
  Eat: Chunk             |     3 |     6 ||     9
